 Dungeon Crawl Stone Soup version 0.31-a0-618-g7ca08c1ff9 (webtiles) character file.

Game seed: 13234125622544458019

408 Dittersdorf the Shield-Bearer (level 6, -1/40 HPs)
             Began as a Gargoyle Fighter on Aug 22, 2023.
             Slain by a hound (4 damage)
             ... on level 4 of the Dungeon.
             The game lasted 00:05:08 (2969 turns).

Dittersdorf the Shield-Bearer (Gargoyle Fighter)    Turns: 2969, Time: 00:05:09

Health: -1/40      AC: 15    Str: 21    XL:     6   Next: 88%
Magic:  6/6        EV:  8    Int:  9    God:
Gold:   197        SH:  4    Dex:  9    Spells: 5/5 levels left

rFire   . . .        a - +0 flail
rCold   . . .        c - +0 buckler
rNeg    + + .        p - +0 chain mail
rPois   ∞            (no helmet)
rElec   +            l - +0 cloak
rCorr   .            (no gloves)
SInv    .            (no boots)
Will    .....        (no amulet) Stlth
                     g - ring of positive energy
HPRegen 0.26/turn    (no ring)
MPRegen 0.10/turn

%: no passive effects
@: no status effects
A: sickness immunity, AC +4, negative energy resistance 1, electricity
resistance, torment resistance 1, petrification resistance
a: no special abilities


You were on level 4 of the Dungeon.
You visited 1 branch of the dungeon, and saw 4 of its levels.

You collected 197 gold pieces.

Inventory:

Hand Weapons
 a - a +0 flail (weapon)
Armour
 c - a +0 buckler (worn)
 l - a +0 cloak (worn)
 p - a +0 chain mail (worn)
Jewellery
 g - a ring of positive energy (left hand)
Wands
 k - a wand of polymorph (4)
Scrolls
 e - 2 scrolls of vulnerability {unknown}
 f - a scroll of revelation {unknown}
 h - 2 scrolls of identify {unknown}
 j - a scroll of noise {unknown}
 o - 2 scrolls of teleportation {unknown}
 q - a scroll of poison {unknown}
Potions
 b - 3 potions of degeneration {unknown}
 d - a potion of might
 i - a potion of mutation {unknown}
 m - a potion of curing {unknown}
 n - a potion of brilliance {unknown}


   Skills:
 + Level 5.0 Fighting
 + Level 3.8 Maces & Flails
 + Level 5.0 Armour
 + Level 5.0 Shields


You had 5 spell levels left.
You didn't know any spells.
Your spell library contained the following spells:

 Spells                   Type           Power      Damage    Failure   Level
 Poisonous Vapours        Pois/Air       0%         N/A       99%         2
 Mephitic Cloud           Conj/Pois/Air  0%         N/A       100%        3
 Freezing Cloud           Conj/Ice/Air   0%         6-21      100%        5


Dungeon Overview and Level Annotations

Branches:
Dungeon (4/15)
 Temple: D:4-7

Altars:


Innate Abilities, Weirdness & Mutations

You are immune to sickness and miasma.
Your stone body is resilient. (AC +4)
You are immune to poison.
You resist negative energy. (rN+)
You are resistant to electric shocks. (rElec)
You are resistant to unholy torment.
You are immune to petrification.


Message History

You are too injured to fight recklessly!
You are too injured to fight recklessly!
You are too injured to fight recklessly!
You are too injured to fight recklessly!
Unknown command.
The orc attacks as it pursues you! You block the orc's attack.
The hound bites you but does no damage. The hound barely misses you.
The hound bites you but does no damage. The goblin barely misses you.
The orc attacks as it pursues you! The orc barely misses you.
You block the hound's attack. The hound attacks as it pursues you!
The hound closely misses you. x2
The goblin attacks as it pursues you! You block the goblin's attack.
The hound barely misses you. The goblin attacks as it pursues you!
The goblin hits you but does no damage. The goblin attacks as it pursues you!
The goblin hits you but does no damage. The hound bites you.
* * * LOW HITPOINT WARNING * * *
The hound attacks as it pursues you! The hound bites you but does no damage.
You block the hound's attack. The hound attacks as it pursues you!
The hound barely misses you. The orc barely misses you. The hound bites you.
* * * LOW HITPOINT WARNING * * *
An orc comes into view. It is wielding a +0 mace.
The orc shouts!
The hound attacks as it pursues you! The hound closely misses you.
The hound bites you but does no damage. The hound attacks as it pursues you!
The hound barely misses you. The orc hits you with a +0 mace.
* * * LOW HITPOINT WARNING * * *
You completely miss the orc. The hound misses you. The orc closely misses you.
The orc hits you but does no damage. You block the hound's attack.
The goblin hits you with a +0 hand axe.
* * * LOW HITPOINT WARNING * * *
You hit the orc.
The orc is severely wounded.
The hound bites you but does no damage. The orc hits you with a +0 mace.
* * * LOW HITPOINT WARNING * * *
The hound bites you.
You die...

......##..........#...#..
#.......................
##...............##...##.
.................##......
.........................
......÷.÷.....#.#..##.#..
.............##.#..##...#
........o.).#......#.....
.......o@...##........#..
........hg........##..#..
.......ogo............... ..#.
...(.....g..............## ....
#....###.........##..#.###
...##.................######
...........w............#####
#...#..###.##..........#...#
.###...#..##..............#...##


You could see a worm, a hound, 4 orcs, 2 hobgoblins and a goblin.

Vanquished Creatures
  An ice beast (D:3)
  A phantom (D:4)
  An iguana (D:4)
  Jessica (D:3)
  2 orc wizards (D:3)
  An adder (D:2)
  4 worms
  6 dart slugs
  5 orcs
  7 bats
  11 endoplasms
  5 giant cockroaches
  8 goblins
  11 hobgoblins
  7 quokkas
  11 ball pythons
  A frilled lizard (D:3)
  6 kobolds
  15 rats
104 creatures vanquished.

Notes
Turn   | Place    | Note
-------+----------+-------------------------------------------
     0 | D:1      | Dittersdorf the Gargoyle Fighter began the quest for the
                  | Orb.
     0 | D:1      | Reached XP level 1. HP: 14/14 MP: 1/1
     3 | D:1      | Noticed an electric eel
     4 | D:1      | Noticed an electric eel
    83 | D:1      | Reached XP level 2. HP: 19/19 MP: 2/2
   294 | D:1      | Reached XP level 3. HP: 11/23 MP: 3/3
  1003 | D:2      | HP: 1/24 [worm (5)]
  1128 | D:2      | Reached XP level 4. HP: 29/29 MP: 4/4
  1654 | D:3      | Noticed Jessica
  1661 | D:3      | Killed Jessica
  1741 | D:3      | Reached XP level 5. HP: 32/33 MP: 5/5
  2113 | D:3      | Noticed an ice beast
  2140 | D:3      | Killed an ice beast
  2141 | D:3      | Reached XP level 6. HP: 4/39 MP: 6/6
  2707 | D:4      | Reached skill level 5 in Fighting
  2707 | D:4      | Reached skill level 5 in Armour
  2707 | D:4      | Reached skill level 5 in Shields
  2969 | D:4      | Slain by a hound

Illustrated notes

Levels and vault maps discovered:
D:1:      arrival_aquarium_b, layout_loops_ring,
          nicolae_concentric_dashed_squares_wild
D:2:      layout_loops_ring, kennysheep_generic_room_12
D:3:      layout_rooms, minmay_misc_feat_columns, chequers_hall_statues_wall_a,
          minmay_vboxes, uniq_jessica
D:4:      layout_cave_pools

Skill      XL: |  1  2  3  4  5  6 |
---------------+-------------------+-----
Fighting       | 4 5 |  5.0
Armour         | 4 5 |  5.0
Shields        | 4 5 |  5.0
Maces & Flails | 3 |  3.8

Action                     |  1- 3 |  4- 6 || total
---------------------------+-------+-------++-------
  Melee: Flail             |   124 |   270 ||   394
 Armour: Scale mail        |    66 |   123 ||   189
         Chain mail        |       |    97 ||    97
  Dodge: Dodged            |    69 |   157 ||   226
  Block: Buckler           |    18 |    72 ||    90

Table legend: (Time is in decaauts)
 A = Elapsed time spent in this place.
 B = Non-inter-level travel time spent in this place.
 C = Inter-level travel time spent in this place.
 D = Time resting spent in this place.
 E = Time spent auto-exploring this place.
 F = Levels seen in this place.
 G = Mean time per level.
                   A        B        C        D        E       F      G
               +--------+--------+--------+--------+--------+-----+--------+
         Total |   3082 |   2947 |    135 |    255 |   1809 |   4 |  770.5 |
       Dungeon |   3082 |   2947 |    135 |    255 |   1809 |   4 |  770.5 |
               +--------+--------+--------+--------+--------+-----+--------+

Top non-repeatable levels by time:
     D:2: 976 daAuts
     D:1: 880 daAuts
     D:3: 849 daAuts
     D:4: 376 daAuts
